Map: Bel'Shir Vestige LE (Void)

Players

IIIIIIIIIIII - Winner!

  • Race: Terran Terran
  • League: Master
  • Spawn Location: 5:00

Alluton

  • Race: Protoss Protoss
  • League: Master
  • Spawn Location: 11:00

VOD

Have the link to the VOD?

Description

Time

  • Played on: Jan. 25, 2017, 12:15 p.m.
  • Length: 10:07
Show
View Real Time Build Order
Export as new Build Order

IIIIIIIIIIII Terran - Winner!

Build Orders: Reaper Expand, MMM Bio 

Get SALT Encoding   

  12  0:01  SCV  
  13  0:13  SCV  
  14  0:17  Supply Depot  
  14  0:25  SCV  
  15  0:39  SCV  
  15  0:40  Barracks  
  16  0:46  Refinery  
  16  0:51  SCV  
  17  1:03  SCV  
  18  1:15  SCV  
  19  1:27  Orbital Command  
  19  1:31  Reaper  
  20  1:39  Command Center  
  20  1:50  Barracks  
  20  1:53  SCV  
  21  2:03  Barracks Reactor  
  21  2:05  SCV  
  21  2:07  Supply Depot  
  22  2:16  Barracks  
  22  2:19  SCV  
  23  2:25  Engineering Bay  
  23  2:31  SCV  
  24  2:39  Marine x2, Barracks Tech Lab  
  26  2:44  SCV  
  27  2:54  Orbital Command  
  27  2:56  SCV  
  27  2:57  Marine x2  
  27  2:58  Marine  
  31  3:08  Marine, Stimpack  
  31  3:11  Terran Infantry Weapons Level 1  
  32  3:14  SCV  
  33  3:23  SCV  
  33  3:24  Marine x3  
  33  3:26  Barracks Tech Lab  
  36  3:27  SCV  
  37  3:47  Marine x4  
  40  3:49  SCV  
  40  3:50  SCV  
  40  3:52  Supply Depot  
  42  3:56  Combat Shields  
  42  4:01  SCV  
  43  4:03  SCV, Command Center  
  43  4:06  Marauder  
  46  4:13  Marine x3  
  46  4:15  Supply Depot  
  46  4:16  SCV  
  46  4:17  SCV  
  51  4:27  Marauder  
  51  4:28  SCV  
  54  4:36  Missile Turret, SCV  
  54  4:37  Marauder  
  57  4:39  Missile Turret  
  57  4:40  Marine x2, Supply Depot  
  57  4:42  SCV  
  60  4:46  Refinery  
  60  4:49  SCV, Refinery  
  61  4:54  SCV  
  62  5:02  Marine x4, SCV  
  62  5:05  Factory  
  67  5:08  SCV  
  67  5:23  Marauder, Marine x2  
  67  5:24  Marauder, SCV  
  67  5:26  Barracks  
  74  5:28  Barracks  
  74  5:31  Refinery  
  74  5:32  SCV  
  75  5:39  SCV  
  76  5:45  SCV  
  76  5:55  Marine x2  
  76  5:56  Marauder x2  
  82  5:57  Factory Reactor, Starport  
  82  6:02  SCV, Terran Infantry Armor Level 1  
  82  6:03  Supply Depot x2  
  83  6:04  SCV  
  82  6:14  SCV  
  82  6:21  Orbital Command  
  82  6:24  Marine x2, Barracks Reactor x2  
  82  6:25  Marauder x2, SCV  
  88  6:30  SCV  
  85  6:41  SCV  
  85  6:44  SCV, Marine  
  85  6:45  Marine  
  82  6:51  SCV  
  73  6:55  Marauder x2, SCV  
  73  7:00  Medivac x2  
  73  7:01  Factory Tech Lab, Marine x3  
  82  7:02  Marine  
  82  7:03  SCV, Starport  
  82  7:05  SCV  
  82  7:06  Marine x2  
  90  7:10  Engineering Bay  
  90  7:11  SCV  
  90  7:14  Armory  
  91  7:19  SCV  
  91  7:20  Marine  
  91  7:21  Marine x3  
  91  7:22  SCV  
  97  7:23  SCV  
  97  7:27  Marine x2  
  100  7:31  SCV  
  100  7:32  Supply Depot  
  101  7:37  SCV  
  101  7:42  SCV  
  101  7:44  Marauder  
  101  7:45  Marine  
  101  7:46  SCV, Marine  
  101  7:54  Marauder, Medivac x2, Supply Depot  
  101  7:55  Supply Depot  
  100  8:05  Marine  
  100  8:06  Marauder, Marine x5  
  108  8:17  Command Center, Starport Tech Lab  
  109  8:24  Marine x5  
  109  8:26  Medivac x2  
  117  8:29  Refinery  
  117  8:30  Refinery, Supply Depot  
  117  8:32  Marauder x2  
  117  8:33  Marine  
  120  8:37  SCV x3  
  123  8:44  Marine x2  
  125  8:51  Siege Tank, Marine x2, SCV x2  
  132  9:00  Marine  
  133  9:05  SCV  
  133  9:14  Starport Tech Lab, Supply Depot x3  
  133  9:18  Marine, Supply Depot  
  133  9:19  Marine  
  133  9:20  Fusion Core, Medivac  
  133  9:22  Medivac  
  133  9:23  Marauder, Marine  
  133  9:24  Marine  
  133  9:28  SCV  
  126  9:37  Marauder  
  126  10:00  Barracks x2  
  126  10:01  Barracks  
  126  10:03  Barracks, Refinery  
Show
View Real Time Build Order
Export as new Build Order

Alluton Protoss 

Build Orders: 1 Gate Expand, Oracle Opening, Colossus Rush 

Get SALT Encoding   

  12  0:02  Probe (Chrono Boost)  
  13  0:13  Probe (Chrono Boost)  
  14  0:20  Pylon  
  14  0:23  Probe (Chrono Boost)  
  15  0:38  Probe (Chrono Boost)  
  15  0:39  Gateway  
  16  0:45  Assimilator  
  16  0:49  Probe (Chrono Boost)  
  17  1:00  Probe (Chrono Boost)  
  18  1:10  Probe (Chrono Boost)  
  19  1:20  Nexus  
  19  1:23  Probe (Chrono Boost)  
  20  1:32  Cybernetics Core  
  20  1:35  Probe (Chrono Boost)  
  21  1:45  Probe (Chrono Boost)  
  21  1:46  Assimilator  
  22  1:53  Pylon  
  22  1:56  Probe (Chrono Boost)  
  23  2:12  Mothership Core (Chrono Boost)  
  25  2:15  Adept  
  27  2:30  Probe (Chrono Boost)  
  27  2:36  Probe (Chrono Boost)  
  29  2:41  Probe (Chrono Boost)  
  30  2:44  Stargate  
  30  2:45  Warp Gate  
  30  2:47  Probe (Chrono Boost)  
  30  2:51  Pylon  
  32  2:52  Probe (Chrono Boost)  
  32  2:57  Probe (Chrono Boost)  
  33  3:05  Probe (Chrono Boost)  
  34  3:08  Probe (Chrono Boost)  
  35  3:17  Probe (Chrono Boost)  
  35  3:18  Probe (Chrono Boost)  
  37  3:24  Oracle  
  37  3:29  Probe x2 (Chrono Boost)  
  42  3:38  Gateway  
  42  3:39  Probe (Chrono Boost)  
  42  3:40  Gateway  
  44  3:41  Probe (Chrono Boost)  
  44  3:50  Probe (Chrono Boost)  
  44  3:53  Assimilator, Probe (Chrono Boost)  
  44  3:54  Robotics Facility  
  44  3:55  Assimilator  
  46  3:57  Pylon  
  46  4:01  Phoenix  
  47  4:03  Probe (Chrono Boost)  
  47  4:05  Probe (Chrono Boost)  
  50  4:10  Pylon  
  50  4:15  Probe (Chrono Boost)  
  52  4:17  Probe (Chrono Boost)  
  52  4:22  Phoenix  
  52  4:27  Probe (Chrono Boost)  
  52  4:28  Pylon  
  52  4:30  Probe (Chrono Boost)  
  57  4:44  Phoenix  
  56  4:47  Robotics Bay  
  56  4:48  Probe (Chrono Boost)  
  56  4:49  Probe (Chrono Boost)  
  60  4:56  Observer  
  60  4:57  Adept x2  
  60  4:58  Pylon, Zealot  
  67  5:00  Pylon  
  67  5:04  Probe (Chrono Boost)  
  67  5:06  Probe (Chrono Boost)  
  69  5:12  Phoenix  
  69  5:14  Probe (Chrono Boost)  
  69  5:18  Probe (Chrono Boost)  
  69  5:19  Adept x3  
  79  5:25  Probe (Chrono Boost)  
  81  5:29  Pylon  
  81  5:30  Probe (Chrono Boost)  
  81  5:33  Colossus  
  82  5:35  Probe (Chrono Boost)  
  82  5:37  Phoenix  
  82  5:42  Probe (Chrono Boost)  
  87  5:54  Adept x3  
  82  6:04  Nexus  
  82  6:15  Adept x3  
  88  6:20  Colossus  
  88  6:27  Pylon  
  95  6:33  Probe (Chrono Boost)  
  95  6:35  Probe (Chrono Boost)  
  78  6:52  Adept  
  78  6:53  Adept x2  
  85  6:54  Probe (Chrono Boost)  
  85  6:56  Assimilator, Probe (Chrono Boost)  
  85  6:58  Assimilator  
  86  7:05  Pylon, Probe (Chrono Boost)  
  86  7:06  Colossus  
  86  7:08  Probe (Chrono Boost), Twilight Council  
  88  7:11  Forge  
  88  7:12  Forge  
  94  7:23  Extended Thermal Lance  
  94  7:25  Sentry x2  
  94  7:27  Adept  
  100  7:30  Pylon  
  87  7:48  Adept x2  
  87  7:50  Adept  
  74  8:05  Colossus  
  74  8:11  Adept x3  
  86  8:17  Probe x2 (Chrono Boost)  
  86  8:19  Probe (Chrono Boost)  
  89  8:21  Pylon x2  
  85  8:28  Probe (Chrono Boost)  
  85  8:30  Probe (Chrono Boost)  
  85  8:31  Probe (Chrono Boost)  
  85  8:32  Adept x3  
  92  8:55  Adept x3  
  92  8:56  Colossus  
  92  9:19  Gateway  
  92  9:21  Gateway, Adept x3  
  92  9:23  Gateway  
  86  9:25  Gateway  
  86  9:31  Adept x3  
  72  9:33  Pylon  
  72  9:35  Pylon  
  72  9:37  Probe x2 (Chrono Boost)  
  72  9:38  Probe (Chrono Boost)  
  58  9:49  Probe x2 (Chrono Boost)  
  58  9:50  Probe (Chrono Boost)  
  67  10:05  Adept  
Tags
 
Add a new tag
Caveats
  • Supply blocks, unpowered buildings, or Contaminate may cause inaccurate times.
  • Supply counts are checked every 10 seconds.